 Dungeon Crawl Stone Soup version 0.28-a0-1404-g4df0f3684d (webtiles) character file.

Game seed: 1092120772026882716

245 bande the Covered (level 6, -1/38 HPs)
             Began as a Gargoyle Fighter on Jan 5, 2022.
             Slain by a killer bee (5 damage)
             ... on level 5 of the Dungeon.
             The game lasted 00:05:41 (3961 turns).

bande the Covered (Gargoyle Fighter)                Turns: 3961, Time: 00:05:42

Health: -1/38      AC: 15    Str: 19 (20) XL:     6   Next: 10%
Magic:  6/6        EV:  8    Int:  6 (8)  God:
Gold:   122        SH:  8    Dex:  8 (11) Spells: 5/5 levels left

rFire   . . .      SeeInvis .   a - +1 war axe
rCold   . . .      Faith    .   m - +0 kite shield {AC+3}
rNeg    + . .      Spirit   .   b - +0 scale mail
rPois   ∞          Reflect  .   (no helmet)
rElec   +          Harm     .   (no cloak)
rCorr   .          Rampage  .   (no gloves)
Will    .....                   n - +0 pair of boots
Stlth   ..........              (no amulet)
HPRegen 0.12/turn               (no ring)
MPRegen 0.10/turn               (no ring)

@: no status effects
A: sickness immunity, AC +4, negative energy resistance 1, electricity
resistance, torment resistance 1, petrification resistance
a: no special abilities


You were on level 5 of the Dungeon.
You visited 1 branch of the dungeon, and saw 5 of its levels.

You collected 122 gold pieces.

Inventory:

Hand Weapons
 a - a +1 war axe (weapon)
Armour
 b - a +0 scale mail (worn)
 c - a +0 buckler
 m - a +0 kite shield of protection (worn)
 n - a +0 pair of boots (worn)
Scrolls
 f - a scroll of enchant weapon
Potions
 i - a potion of resistance {unknown}
 j - a potion of lignification {unknown}
 k - a potion of heal wounds {unknown}
 l - a potion of ambrosia


   Skills:
 + Level 4.1 Fighting
 + Level 3.7 Axes
 + Level 4.9 Armour
 + Level 4.1 Shields


You had 5 spell levels left.
You didn't know any spells.
Your spell library was empty.

Dungeon Overview and Level Annotations

Branches:
Dungeon (5/15)
 Temple: D:4-7

Altars:
Cheibriados


Innate Abilities, Weirdness & Mutations

You are immune to sickness and miasma.
Your stone body is resilient. (AC +4)
You are immune to poison.
You resist negative energy. (rN+)
You are resistant to electric shocks. (rElec)
You are resistant to unholy torment.
You are immune to petrification.


Message History

The killer bee stings you but does no damage.
The killer bee closely misses you.
The killer bee stings you but does no damage.
The killer bee barely misses you. The killer bee stings you.
* * * LOW HITPOINT WARNING * * *
The killer bee stings you but does no damage. x2
You block the killer bee's attack.
You barely miss the killer bee.
The killer bee is severely wounded.
You hit the killer bee. You closely miss the killer bee.
The killer bee stings you.
* * * LOW HITPOINT WARNING * * *
The killer bee barely misses you.
The killer bee stings you but does no damage. x2
The killer bee closely misses you. You block the killer bee's attack. x2
The killer bee stings you but does no damage.
You block the killer bee's attack.
You closely miss the killer bee.
The killer bee is severely wounded.
You closely miss the killer bee. x2; You block the killer bee's attack.
The killer bee stings you.
* * * LOW HITPOINT WARNING * * *
The killer bee completely misses you. You block the killer bee's attack.
The killer bee stings you but does no damage. x3
You block the killer bee's attack. The killer bee closely misses you.
You miss the killer bee.
The killer bee is severely wounded.
You barely miss the killer bee.
You hit the killer bee but do no damage.
The killer bee closely misses you. The killer bee completely misses you.
You block the killer bee's attack. The killer bee closely misses you. x2
The killer bee barely misses you. You block the killer bee's attack.
The killer bee stings you but does no damage. x2
You barely miss the killer bee. You closely miss the killer bee.
You barely miss the killer bee. You block the killer bee's attack.
The killer bee stings you.
* * * LOW HITPOINT WARNING * * *
The killer bee stings you but does no damage.
The killer bee stings you.
You die...

.#..## #.... #
#.#.# #.#.#.###
.#.....
....####.
#y....... #@y.#
......y).......
###.###..#$....
.... #### #..##
.... >... .....


You could see 3 killer bees.

Vanquished Creatures
  An ogre (D:5)
  A killer bee (D:5)
  5 adders
  2 worms (D:2)
  3 dart slugs
  3 orcs (D:4)
  5 endoplasms
  3 giant cockroaches
  4 goblins
  5 hobgoblins
  4 kobolds
  3 quokkas
  5 ball pythons
  3 bats
  4 frilled lizards
  2 rats (D:2)
53 creatures vanquished.

Vanquished Creatures (others)
  3 plants (D:3)
3 creatures vanquished.

Grand Total: 56 creatures vanquished

Notes
Turn   | Place    | Note
-------+----------+-------------------------------------------
     0 | D:1      | bande the Gargoyle Fighter began the quest for the Orb.
     0 | D:1      | Reached XP level 1. HP: 14/14 MP: 1/1
   257 | D:1      | Reached XP level 2. HP: 6/19 MP: 2/2
   708 | D:1      | Found a faded altar of an unknown god.
  1139 | D:2      | Found a snail-covered altar of Cheibriados.
  1146 | D:2      | Reached XP level 3. HP: 23/23 MP: 3/3
  1983 | D:3      | Reached XP level 4. HP: 29/29 MP: 4/4
  3335 | D:5      | Entered Level 5 of the Dungeon
  3335 | D:5      | Noticed an ogre
  3340 | D:5      | HP: 1/29 [ogre (8)]
  3341 | D:5      | Killed an ogre
  3342 | D:5      | Reached XP level 5. HP: 1/33 MP: 5/5
  3345 | D:5      | Reached XP level 6. HP: 2/38 MP: 6/6
  3961 | D:5      | Slain by a killer bee

Illustrated notes

Levels and vault maps discovered:
D:1:      dpeg_arrival_radiant, layout_rooms, basic_ecumenical_altar
D:2:      layout_loops_ring, basic_altar
D:3:      layout_loops_corners, serial_forest, infiniplex_forest_clump_medium,
          infiniplex_forest_3_way, infiniplex_forest_corner_1,
          infiniplex_forest_clump_small, infiniplex_forest_straight_3,
          infiniplex_forest_straight_1, infiniplex_forest_zigzag_1,
          infiniplex_forest_lined_room_2, infiniplex_forest_diagonal
D:4:      layout_rooms, tgw_sif
D:5:      layout_loops_ring, minmay_temple_entry_mini_moons

Skill      XL: |  1  2  3  4 |
---------------+-------------+-----
Axes           | 2 3 |  3.7
Armour         | 4 |  4.9
Fighting       | 4 |  4.1
Shields        | 4 |  4.1

Action                   |  1- 3 |  4- 6 || total
-------------------------+-------+-------++-------
Melee: War axe           |   102 |    76 ||   178
  Use: Scroll            |     2 |     6 ||     8
       Potion            |       |     5 ||     5
Armor: Scale mail        |    53 |    98 ||   151
Dodge: Dodged            |    53 |    72 ||   125
Block: Buckler           |    15 |     9 ||    24
       Kite shield       |       |    43 ||    43

Table legend: (Time is in decaauts)
 A = Elapsed time spent in this place.
 B = Non-inter-level travel time spent in this place.
 C = Inter-level travel time spent in this place.
 D = Time resting spent in this place.
 E = Time spent auto-exploring this place.
 F = Levels seen in this place.
 G = Mean time per level.
                   A        B        C        D        E       F      G
               +--------+--------+--------+--------+--------+-----+--------+
         Total |   4039 |   3993 |     46 |    900 |   2319 |   5 |  807.8 |
       Dungeon |   4039 |   3993 |     46 |    900 |   2319 |   5 |  807.8 |
               +--------+--------+--------+--------+--------+-----+--------+

Top non-repeatable levels by time:
     D:3: 1262 daAuts
     D:1: 1120 daAuts
     D:2: 900 daAuts
     D:5: 634 daAuts
     D:4: 120 daAuts
